Map: Sequencer LE

Players

Snute

  • Race: Zerg Zerg
  • Spawn Location: 7:00

uThermal - Winner!

  • Race: Terran Terran
  • Spawn Location: 1:00

Event: WCS Jonkoping 2017

VOD

Have the link to the VOD?

Description

Time

  • Played on: June 17, 2017, 10:49 a.m.
  • Length: 10:18

All games in this series

Show
View Real Time Build Order
Export as new Build Order

Snute Zerg 

Build Orders: Pool First 

Get SALT Encoding   

  12  0:00  Drone  
  13  0:12  Overlord  
  13  0:17  Drone  
  14  0:30  Drone x2  
  14  0:34  Drone  
  17  0:42  Extractor  
  16  0:45  Drone  
  17  0:50  Spawning Pool  
  17  0:55  Drone  
  17  1:06  Drone  
  18  1:20  Hatchery  
  18  1:22  Drone  
  18  1:36  Queen  
  20  1:42  Metabolic Boost  
  20  1:47  Overlord  
  20  1:50  Zergling x2  
  20  1:53  Drone  
  22  2:05  Drone  
  23  2:11  Drone  
  23  2:12  Queen  
  26  2:21  Drone  
  27  2:33  Spore Crawler  
  27  2:34  Queen  
  29  2:37  Zergling x4  
  29  2:42  Overlord  
  31  2:47  Zergling x8  
  35  2:54  Zergling x2  
  36  2:58  Overlord  
  36  3:12  Hatchery  
  34  3:17  Queen  
  36  3:25  Drone  
  36  3:26  Drone x3  
  39  3:31  Drone x2  
  41  3:38  Zergling x4  
  41  3:39  Zergling x2  
  44  3:45  Drone x2  
  45  3:49  Queen  
  47  4:00  Zergling x2  
  47  4:01  Zergling x8  
  52  4:07  Overlord  
  52  4:10  Evolution Chamber  
  52  4:14  Overlord  
  51  4:18  Overlord  
  51  4:24  Queen  
  51  4:26  Drone x3  
  51  4:31  Drone x2  
  58  4:33  Drone  
  58  4:35  Drone  
  58  4:36  Drone  
  61  4:39  Drone  
  61  4:40  Drone  
  57  4:58  Drone x8  
  61  5:02  Drone x2  
  61  5:03  Drone  
  64  5:07  Evolution Chamber  
  64  5:09  Zerg Ground Armor Level 1  
  64  5:12  Drone  
  64  5:13  Drone  
  65  5:14  Zergling x2  
  65  5:18  Zergling x4  
  65  5:19  Zergling x2  
  69  5:25  Drone  
  69  5:26  Drone  
  70  5:38  Zerg Melee Weapons Level 1  
  70  5:41  Drone x8  
  70  5:42  Drone  
  77  5:44  Hatchery  
  77  5:46  Drone  
  77  5:49  Drone  
  79  5:50  Drone  
  79  5:54  Extractor, Drone  
  79  5:59  Extractor  
  79  6:00  Extractor  
  79  6:02  Zergling x8  
  81  6:06  Overlord  
  81  6:10  Drone  
  81  6:25  Lair  
  81  6:28  Baneling Nest  
  81  6:31  Hatchery, Zergling x20  
  89  6:34  Extractor  
  89  6:37  Drone  
  89  6:41  Drone  
  89  6:42  Overlord  
  89  6:46  Overlord  
  81  7:08  Drone  
  81  7:09  Drone x8  
  81  7:12  Zergling x4  
  81  7:13  Zergling x4  
  87  7:17  Queen x2  
  89  7:25  Zergling x8  
  89  7:27  Zergling x2  
  81  7:30  Zergling x10  
  81  7:36  Queen x2  
  80  7:38  Zergling x2  
  80  7:39  Zergling x2  
  80  7:42  Zergling x4  
  77  7:51  Zergling x8  
  72  7:53  Queen x2  
  73  8:05  Drone  
  73  8:06  Drone x4  
  73  8:11  Queen  
  80  8:15  Zergling x12  
  86  8:21  Centrifical Hooks  
  86  8:30  Zergling x12  
  86  8:31  Zergling x2  
  93  8:39  Zergling x10  
  98  8:51  Zergling x6  
  98  8:52  Zergling x2  
  91  9:03  Zergling x22  
  91  9:08  Zergling x2  
  99  9:11  Zergling x2  
  99  9:12  Zergling x4  
  102  9:27  Baneling x6  
  97  9:31  Zergling x2  
  97  9:32  Zergling x8  
  97  9:40  Zergling x10  
  97  9:45  Overseer  
  100  9:56  Zergling x2  
  100  9:57  Zergling x14  
  100  9:58  Overlord x3  
  100  9:59  Baneling x12  
Show
View Real Time Build Order
Export as new Build Order

uThermal Terran - Winner!

Build Orders: MMM Bio 

Get SALT Encoding   

  12  0:01  SCV  
  13  0:13  SCV  
  14  0:21  Supply Depot  
  14  0:25  SCV  
  15  0:43  SCV  
  15  0:44  Barracks  
  15  0:45  Refinery  
  16  0:55  SCV  
  17  1:00  Barracks  
  17  1:07  SCV  
  18  1:19  SCV  
  19  1:30  Reaper  
  19  1:31  Orbital Command  
  20  1:37  Barracks  
  20  1:43  Refinery  
  20  1:47  Reaper  
  21  1:54  Supply Depot  
  21  1:59  SCV  
  22  2:05  Reaper  
  23  2:16  SCV  
  23  2:19  Reaper  
  23  2:21  Supply Depot  
  25  2:25  Reaper  
  25  2:28  SCV  
  27  2:38  Reaper  
  27  2:40  SCV  
  29  2:51  Reaper  
  29  2:52  SCV  
  29  2:57  Reaper  
  32  3:05  SCV, Command Center  
  33  3:10  Reaper  
  34  3:17  SCV  
  34  3:19  Supply Depot  
  35  3:25  Reaper  
  36  3:29  SCV  
  37  3:39  Reaper  
  38  3:41  SCV  
  38  3:43  Barracks Tech Lab  
  38  3:47  Factory  
  39  3:54  SCV  
  40  3:58  Marine  
  40  4:02  Stimpack, Marine  
  42  4:06  SCV  
  43  4:18  SCV, Marine x2  
  43  4:19  Marine  
  48  4:32  Orbital Command  
  48  4:35  SCV  
  48  4:36  Marine  
  48  4:38  Marine  
  50  4:47  SCV  
  50  4:59  SCV  
  52  5:01  Factory Reactor  
  52  5:02  Barracks Reactor, Starport  
  52  5:05  Barracks Reactor  
  52  5:06  SCV  
  51  5:10  Marine, Supply Depot  
  51  5:11  SCV  
  53  5:18  SCV  
  54  5:23  SCV  
  54  5:24  Command Center  
  54  5:27  Marine  
  56  5:29  Supply Depot  
  56  5:30  SCV  
  57  5:36  SCV  
  57  5:40  Marine  
  57  5:41  Marine  
  57  5:42  SCV  
  60  5:46  Supply Depot  
  60  5:47  Factory Reactor  
  60  5:48  SCV, Medivac x2  
  65  5:50  Marine  
  65  5:53  Marine x2  
  65  5:54  SCV  
  69  5:59  Marine  
  69  6:00  SCV, Supply Depot  
  71  6:06  SCV, Combat Shields  
  71  6:09  Marine  
  71  6:10  Marine  
  74  6:12  SCV  
  74  6:14  Marine  
  74  6:16  Marine  
  74  6:17  Marine  
  78  6:18  SCV  
  78  6:24  SCV  
  80  6:26  Medivac  
  80  6:27  Marine  
  80  6:29  Marine, Refinery  
  80  6:30  Refinery  
  80  6:31  SCV  
  80  6:32  Marine  
  86  6:37  Orbital Command  
  86  6:38  SCV  
  87  6:47  SCV, Engineering Bay  
  87  6:48  Marine x3  
  87  6:49  Engineering Bay  
  87  6:51  SCV  
  87  6:53  Supply Depot  
  87  6:54  Marine  
  93  6:59  SCV, Marine  
  95  7:03  SCV x2  
  95  7:05  Marine  
  95  7:06  Marine  
  98  7:11  SCV  
  98  7:13  Marine x2  
  98  7:15  Terran Infantry Armor Level 1, SCV x2, Terran Infantry Weapons Level 1  
  101  7:23  SCV  
  101  7:27  Marine, SCV  
  101  7:28  SCV, Marine  
  100  7:30  Marine, Medivac, Widow Mine  
  100  7:31  Marine x2  
  100  7:35  SCV  
  104  7:39  SCV  
  104  7:40  SCV  
  104  7:43  Barracks  
  106  7:45  Marine, Barracks, Medivac  
  106  7:46  Marine  
  106  7:47  Marine  
  106  7:50  Marine, Widow Mine  
  111  7:55  Marine  
  109  8:02  Marine, Barracks x3, Medivac  
  111  8:06  Marine  
  111  8:07  Widow Mine, Armory  
  111  8:08  Marine  
  111  8:10  Marine  
  111  8:11  Supply Depot  
  116  8:14  Marine  
  116  8:18  Concussive Shells  
  117  8:27  Supply Depot  
  117  8:28  Marine x3, Widow Mine, Supply Depot  
  117  8:29  Refinery  
  117  8:30  Medivac  
  117  8:32  Marine  
  126  8:36  Widow Mine  
  126  8:37  Barracks Reactor x2  
  126  8:40  Marine, Supply Depot  
  128  8:41  Supply Depot  
  128  8:46  Marine x2  
  130  8:54  Medivac  
  132  9:01  Marine x2  
  132  9:02  Marine  
  127  9:05  Marine  
  127  9:06  Marine, Widow Mine x2  
  127  9:07  Marine  
  127  9:08  Medivac  
  129  9:13  Marine  
  129  9:16  Barracks Tech Lab x2  
  126  9:17  Marine  
  126  9:19  Marine  
  126  9:22  Marine x2  
  130  9:25  Marauder  
  130  9:29  Marine  
  133  9:35  Marine  
  133  9:36  Marauder x2, Marine  
  133  9:38  Marine x2  
  132  9:40  Marine x2  
  132  9:43  Marine  
  132  9:44  Supply Depot  
  136  9:46  Marauder  
  136  9:57  Marauder, Marine  
  136  9:59  Marine  
  139  10:00  Marine  
Tags
 
Add a new tag
Caveats
  • Supply blocks, unpowered buildings, or Contaminate may cause inaccurate times.
  • Supply counts are checked every 10 seconds.